 Dungeon Crawl Stone Soup version 0.31-a0-1338-gb567cfdca4 (webtiles) character file.

Game seed: 10697147086540135781

67589 pokeman the Sorcerer (level 14, -9/79 HPs)
             Began as a Deep Elf Hedge Wizard on Dec 21, 2023.
             Was an Elder of Vehumet.
             Mangled by a death yak (57 damage)
             ... on level 4 of the Lair of Beasts.
             The game lasted 00:57:37 (26833 turns).

pokeman the Sorcerer (Deep Elf Hedge Wizard)       Turns: 26833, Time: 00:57:38

Health: -9/79      AC: 15    Str:  5    XL:     14   Next: 83%
Magic:  41/41      EV:  2    Int: 25    God:    Vehumet [****..]
Gold:   1337       SH:  0    Dex: 14    Spells: 15/55 levels left

rFire   + + +        L - staff of fire
rCold   . . .        (no shield)
rNeg    . . .        j - +0 acid dragon scales
rPois   +            h - +1 helmet of Kerazo {+Blink Regen+ Str-2 Stlth+}
rElec   .            Y - scarf {rC+ rF+}
rCorr   +            C - +2 pair of gloves of Creativity {rF+}
SInv    .            U - +1 pair of boots {Fly}
Will    +....        Z - amulet of the acrobat
Stlth   +++          a - ring of poison resistance
HPRegen 1.13/turn    T - ring of fire
MPRegen 0.27/turn

%: acrobat
@: sleeping, flying
A: no striking features
a: Renounce Religion, Evoke Blink


You were on level 4 of the Lair of Beasts.
You worshipped Vehumet.
Vehumet was greatly pleased with you.
You visited 3 branches of the dungeon, and saw 20 of its levels.
You also visited: Trove and Gauntlet.

You collected 1785 gold pieces.
You spent 448 gold pieces at shops.

Inventory:

Hand Weapons
 q - a +1 short sword of venom
 N - a +1 short sword of electrocution
Missiles
 t - 2 throwing nets
 J - 16 curare-tipped darts
Armour
 f - the -1 pair of gloves "Qulusan" {rC+}
   (You found it in a Gauntlet)

   rC+:       It protects you from cold.
 h - the +1 helmet of Kerazo (worn) {+Blink Regen+ Str-2 Stlth+}
   (You found it in a treasure trove)

   Str-2:     It affects your strength (-2).
   +Blink:    It lets you blink.
   Regen+:    It increases your rate of health regeneration.
   Stlth+:    It makes you more stealthy.
 j - +0 acid dragon scales (worn)
 C - the +2 pair of gloves of Creativity (worn) {rF+}
   (You found it in a treasure trove)

   rF+:       It protects you from fire.
 K - a +0 buckler
 U - a +1 pair of boots of flying (worn)
 V - a +2 robe of cold resistance
 Y - a scarf of resistance (worn)
Magical Staves
 i - a staff of death
 p - a staff of cold
 L - a staff of fire (weapon)
Jewellery
 a - a ring of poison resistance (left hand)
 r - a ring of see invisible
 T - a ring of fire (right hand)
 Z - an amulet of the acrobat (around neck)
Wands
 x - a wand of digging (4)
 A - a wand of roots (35)
 D - a wand of light (18)
 F - a wand of polymorph (5)
 S - a wand of paralysis (17)
Scrolls
 c - 2 scrolls of silence
 n - 2 scrolls of revelation
 s - 4 scrolls of enchant weapon
 y - 8 scrolls of teleportation
 z - a scroll of acquirement
 B - a scroll of vulnerability
 H - a scroll of amnesia
 I - a scroll of blinking
 Q - a scroll of fog
Potions
 b - 2 potions of haste
 d - 3 potions of magic
 e - 3 potions of brilliance
 g - a potion of mutation {unknown}
 k - a potion of might {unknown}
 l - 4 potions of attraction {unknown}
 m - 4 potions of heal wounds {unknown}
 o - 4 potions of degeneration {unknown}
 u - 2 potions of enlightenment
 w - 12 potions of curing
 G - 2 potions of cancellation {unknown}
 M - a potion of ambrosia {unknown}
 O - a potion of lignification {unknown}
 P - a potion of invisibility {unknown}
Miscellaneous
 v - a sack of spiders
 E - a condenser vane


   Skills:
 + Level 5.8 Fighting
 - Level 6.0 Armour
 - Level 3.0 Dodging
 - Level 3.0 Stealth
 - Level 5.0 Shields
 * Level 21.3 Spellcasting
 + Level 13.7 Conjurations
 - Level 1.1 Summonings
 - Level 1.0 Necromancy
 - Level 1.1 Translocations
 + Level 8.8 Fire Magic
 - Level 1.1 Ice Magic
 - Level 1.0 Air Magic
 - Level 9.0 Earth Magic
 - Level 1.1 Alchemy
 - Level 1.2 Evocations


You had 15 spell levels left.
You knew the following spells:

 Your Spells              Type           Power      Damage    Failure   Level
a - Magic Dart            Conj           100%       1d8       0%          1
b - Mephitic Cloud        Conj/Alch/Air  52%        N/A       1%          3
c - Call Imp              Summ           64%        N/A       3%          2
d - Blink                 Tloc           64%        N/A       3%          2
e - Foxfire               Conj/Fire      100%       2x1d9     1%          1
f - Fireball              Conj/Fire      56%        3d22      1%          5
g - Stone Arrow           Conj/Erth      100%       3d13      1%          3
h - Starburst             Conj/Fire      56%        6d15      1%          6
i - Orb of Destruction    Conj           38%        9d11      2%          7
j - Iskenderun's Battles  Conj           76%        2d12      1%          5
k - Freezing Cloud        Conj/Ice/Air   26%        6-21      2%          5

Your spell library contained the following spells:

 Spells                   Type           Power      Damage    Failure   Level
 Frozen Ramparts          Ice            64%        1d10      1%          3
 Apportation              Tloc           64%        N/A       1%          1
 Kiss of Death            Conj/Necr      100%       2d13      1%          1
 Sting                    Conj/Alch      100%       1d9       1%          1
 Mercury Vapours          Alch/Air       64%        N/A       1%          2
 Brom's Barrelling Bould  Conj/Erth      70%        2d8       1%          4
 Ignite Poison            Fire/Alch      86%        N/A       1%          4
 Slow                     Hex            100%       N/A       3%          1
 Cigotuvi's Dreadful Rot  Necr/Alch/Air  62%        N/A       3%          2
 Sublimation of Blood     Necr           31%        N/A       3%          2
 Animate Armour           Summ/Erth      100%       N/A       3%          4
 Jinxbite                 Hex            52%        N/A       4%          2
 Olgreb's Toxic Radiance  Alch           32%        N/A       5%          4
 Conjure Ball Lightning   Conj/Air       29%        3x3d8     6%          6
 Confusing Touch          Hex            26%        N/A       9%          3
 Plasma Beam              Fire/Air       43%        2x1d57    16%         6
 Dispel Undead            Necr           31%        3d14      21%         4
 Lehudib's Crystal Spear  Conj/Erth      35%        10d9      41%         8
 Alistair's Intoxication  Alch           21%        N/A       47%         5
 Summon Forest            Summ/Tloc      16%        N/A       47%         5
 Summon Mana Viper        Hex/Summ       29%        N/A       56%         5
 Simulacrum               Ice/Necr       16%        N/A       96%         6
 Summon Cactus Giant      Summ           16%        N/A       96%         6
 Death Channel            Necr           15%        N/A       97%         6
 Ozocubu's Refrigeration  Ice            16%        4d11      97%         7
 Summon Hydra             Summ           16%        N/A       100%        7
 Polar Vortex             Ice            16%        12d2*     100%        9


Dungeon Overview and Level Annotations

Branches:
Dungeon (15/15)            Temple (1/1) D:7            Lair (4/5) D:11
 Shoals (0/4) Lair:3        Snake (0/4) Lair:3          Orc (0/2) D:10
 Vaults (0/5) D:14         Depths (0/4) D:15        Gauntlet (visited)
  Slime: Lair:4-5

Altars:
Ashenzari
Cheibriados
Dithmenos
Elyvilon
Fedhas
Gozag
Hepliaklqana
Kikubaaqudgha
Makhleb
Nemelex Xobeh
Okawaru
Qazlal
Ru
Sif Muna
Trog
Uskayaw
Vehumet
Wu Jian
Xom
Yredelemnul
Zin
The Shining One

Shops:
D:11 [*


Message History

Casting: Starburst (dangerous; 1% risk of failure)
Press: ? - help, Dir - look around, f - activate You feel a strong surge of power!
The bolt of fire hits the death yak!!!
You kill the death yak!
Vehumet accepts your kill.
You feel your power returning.
The bolt of fire hits the yak!!
The yak is severely wounded.
Casting: Starburst (dangerous; 1% risk of failure)
Confirm with . or Enter, or press ? or * to list all spells.
Casting: Starburst (dangerous; 1% risk of failure)
Press: ? - help, Dir - look around, f - activate You feel a strong surge of power!
The bolt of fire hits the yak!!!
You kill the yak!
Vehumet accepts your kill.
Unknown command.
You start resting.
HP restored.
You start resting.
Magic restored.
Unknown command.
There is an open door here.
The yak bellows!
The dream sheep bleats!
The death yak bellows! x2
The yak bellows!
The death yak bellows!
The yak bellows!
There is an open door here.
The death yak bellows!
The yak bellows!
You reach down and open the door.
The yak snorts and paws the ground.
Unknown command.
The death yak attacks as it pursues you!
The death yak gores you!
The yak bellows!
The death yak snorts and paws the ground.
The death yak attacks as it pursues you!
The death yak gores you!!
The dream sheep shakes its wool and sparkles.
You feel drowsy...
You fall asleep.
The death yak gores you!!!
Ouch! That really hurt!
You die...

#..##..######..#..#..######..#..
##.....# ..####..####....#.....
#......# ..'..'..'..'....#.....
#......# ..####..####....#.≈##.
##.....#### #..# ######.#≈§≈
#........#### #..# ######.#≈≈P
##.....####### #..# ######.≈##.
#......#.YYY####..####....#.....
##..>..#YYYYYYY@..'.††††..#.....
#.....#.Y.Y####..####....#.....
#.....####### #..# #######..#.
##...######## #..# #######.##.
#.#...# #..# ##.##. ###...# #..#
#..... #...# +..+ #..... #...#
######## #...#.
##...#######......########.P#.


You could see 4 death yaks, 7 yaks and a dream sheep.

Vanquished Creatures
  A stone giant (D:15)
  A minotaur (Gauntlet)
  Josephine (D:13)
  A fire dragon (Lair:1)
  An ogre mage (D:10)
  A rakshasa (D:14)
  A vault guard (D:14)
  2 hydras
  A catoblepas (Lair:3)
  3 boulder beetles
  3 centaur warriors
  6 two-headed ogres
  5 death yaks (Lair:4)
  4 tengu warriors
  Sonja (D:13)
  5 skeletal warriors (D:13)
  Lodul (D:13)
  An orc knight (D:15)
  A wolf spider zombie (D:13)
  15 ugly things
  4 cyclopes
  3 manticores
  A moth of wrath (Gauntlet)
  4 black mambas
  6 centaur zombies (D:13)
  A black mamba (shapeshifter) (D:14)
  6 elephants
  A torpor snail (Gauntlet)
  6 cane toads
  2 kobold demonologists
  3 gargoyles
  A rime drake (Lair:4)
  5 komodo dragons
  A redback zombie (D:13)
  2 tengu conjurers (D:14)
  A guardian mummy (D:11)
  9 trolls
  2 meliai (D:14)
  A raiju (Gauntlet)
  A meliai zombie (D:13)
  2 dream sheep (Lair:4)
  4 blink frogs (Lair:1)
  5 shadows
  8 slime creatures
  Sigmund (D:3)
  3 wyverns
  2 water elementals (D:15)
  A centaur simulacrum (D:14)
  A yak (shapeshifter) (D:14)
  25 yaks
  A fire elemental (D:9)
  8 wraiths
  4 fire bats (D:9)
  A warg (D:15)
  6 steam dragons
  4 humans (Lair:4)
  4 vampire mosquitoes
  3 basilisks
  4 redbacks (Gauntlet)
  A naga (shapeshifter) (D:14)
  4 acid dragons
  A naga (Lair:3)
  Duvessa (D:5)
  10 water moccasins
  A hell hound (D:9)
  An orc warrior (D:15)
  4 sky beasts
  6 black bears
  3 ice beasts
  11 ogres
  10 wolves
  7 centaurs
  4 kobold brigands
  A phantom (D:4)
  A gnoll sergeant (D:9)
  8 bullfrogs
  5 scorpions
  14 wights
  Dowan (D:5)
  9 killer bees
  4 electric eels
  A howler monkey (D:6)
  2 lava snakes (D:9)
  3 crimson imps (D:11)
  5 hounds
  2 jellies
  3 orc priests
  A boggart zombie (D:13)
  5 iguanas
  2 sleepcaps
  6 orc wizards
  13 gnolls
  8 adders
  3 shadow imps (D:3)
  A bombardier beetle (D:5)
  3 white imps (D:6)
  2 ufetubi (D:7)
  2 dart slugs
  26 orcs
  4 bats
  10 endoplasms
  6 giant cockroaches
  5 goblins
  6 hobgoblins
  8 jackals
  22 kobolds
  2 quokkas
  10 ball pythons
  5 frilled lizards
  8 rats
483 creatures vanquished.

Vanquished Creatures (collateral kills)
  A scorpion (D:5)
  A gnoll (D:4)
  A bombardier beetle (D:3)
3 creatures vanquished.

Vanquished Creatures (others)
  21 foxfires
21 creatures vanquished.

Grand Total: 507 creatures vanquished

Notes
Turn   | Place    | Note
-------+----------+-------------------------------------------
     0 | D:1      | pokeman the Deep Elf Hedge Wizard began the quest for the
                  | Orb.
     0 | D:1      | Reached XP level 1. HP: 10/10 MP: 7/7
   117 | D:1      | Reached XP level 2. HP: 10/16 MP: 1/9
   529 | D:1      | Found a faded altar of an unknown god.
   828 | D:1      | Reached skill level 5 in Spellcasting
  1211 | D:2      | Reached XP level 3. HP: 20/20 MP: 9/11
  1215 | D:2      | Learned a level 3 spell: Mephitic Cloud
  1218 | D:2      | Learned a level 2 spell: Call Imp
  1221 | D:2      | Learned a level 2 spell: Blink
  1277 | D:2      | HP: 1/20 [poisoned by an adder]
  1421 | D:2      | Reached skill level 1 in Fighting
  1533 | D:2      | Reached skill level 1 in Armour
  1969 | D:2      | Reached XP level 4. HP: 25/25 MP: 8/13
  2325 | D:3      | Noticed Sigmund
  2341 | D:3      | Killed Sigmund
  2342 | D:3      | Reached XP level 5. HP: 22/29 MP: 12/15
  2351 | D:3      | Reached skill level 5 in Conjurations
  2602 | D:3      | Found a white marble altar of Elyvilon.
  2624 | D:3      | Found a hazy altar of Hepliaklqana.
  2691 | D:3      | Reached XP level 6. HP: 34/34 MP: 13/16
  2940 | D:3      | Found a transporter.
  3040 | D:3      | Found a transporter.
  3284 | D:3      | Reached skill level 6 in Spellcasting
  3664 | D:4      | Reached skill level 1 in Evocations
  3678 | D:4      | Reached skill level 1 in Ice Magic
  4061 | D:4      | Reached skill level 1 in Alchemy
  4061 | D:4      | Reached XP level 7. HP: 10/38 MP: 10/18
  4305 | D:4      | Reached skill level 1 in Air Magic
  4608 | D:5      | Entered Level 5 of the Dungeon
  4664 | D:5      | Reached skill level 7 in Spellcasting
  4821 | D:5      | Learned a level 3 spell: Stone Arrow
  4959 | D:5      | Reached skill level 1 in Earth Magic
  5139 | D:5      | Found a bloodstained altar of Trog.
  5365 | D:5      | Noticed Dowan
  5366 | D:5      | Noticed Duvessa
  5375 | D:5      | Killed Duvessa
  5376 | D:5      | Reached skill level 8 in Spellcasting
  5376 | D:5      | Reached XP level 8. HP: 24/44 MP: 3/22
  5568 | D:5      | Killed Dowan
  6027 | D:6      | Reached skill level 9 in Spellcasting
  6096 | D:6      | Found a large runed translucent door.
  6097 | D:6      | Found a large runed translucent door.
  6097 | D:6      | Noticed a gargoyle
  6138 | D:6      | Found a large runed translucent door.
  6138 | D:6      | Found a large runed translucent door.
  6301 | D:6      | Found a sacrificial altar of Ru.
  6780 | D:6      | Reached skill level 10 in Spellcasting
  7148 | D:6      | Reached XP level 9. HP: 32/48 MP: 11/25
  7555 | D:6      | Killed a gargoyle
  7802 | D:7      | Reached skill level 11 in Spellcasting
  8022 | D:7      | Reached skill level 5 in Earth Magic
  8514 | D:7      | Found a staircase to the Ecumenical Temple.
  8523 | Temple   | Entered the Ecumenical Temple
  8550 | Temple   | Became a worshipper of Vehumet
  8622 | D:7      | Reached skill level 12 in Spellcasting
  9113 | D:8      | Found a shimmering altar of Xom.
  9249 | D:8      | Noticed a two-headed ogre
  9249 | D:8      | Noticed an eight-headed hydra
  9261 | D:8      | Killed an eight-headed hydra
  9262 | D:8      | Reached XP level 10. HP: 54/54 MP: 17/28
  9267 | D:8      | Killed a two-headed ogre
  9436 | D:8      | Found a shadowy altar of Dithmenos.
  9440 | D:8      | Found a shimmering blue altar of Sif Muna.
  9999 | D:8      | Reached skill level 13 in Spellcasting
 10889 | D:9      | Reached * piety under Vehumet
 10889 | D:9      | Offered knowledge of Shock by Vehumet.
 11389 | D:9      | Reached skill level 14 in Spellcasting
 11640 | D:9      | Identified the +3 shortbow "Orb Guardian's Curse" {flame,
                  | rN+++ Int-2 Stlth+}
 11702 | D:10     | Entered Level 10 of the Dungeon
 11705 | D:10     | Identified the +1 sling of Nyuqyn {freeze, rPois rN++
                  | Str+3}
 11715 | D:10     | Found a staircase to the Orcish Mines.
 11760 | D:10     | Reached XP level 11. HP: 57/61 MP: 25/31
 11783 | D:10     | Reached skill level 1 in Shields
 12371 | D:10     | Noticed a two-headed ogre
 12371 | D:10     | Noticed an ogre mage
 12381 | D:10     | Killed a two-headed ogre
 12383 | D:10     | Noticed a two-headed ogre
 12388 | D:10     | Killed an ogre mage
 12388 | D:10     | Noticed a two-headed ogre
 12417 | D:10     | Killed a two-headed ogre
 12419 | D:10     | Reached skill level 15 in Spellcasting
 12732 | D:10     | Killed a two-headed ogre
 12733 | D:10     | Reached skill level 10 in Conjurations
 12818 | D:10     | Reached ** piety under Vehumet
 13348 | D:10     | Noticed a two-headed ogre
 13352 | D:10     | Killed a two-headed ogre
 13559 | D:11     | Offered knowledge of Sting by Vehumet.
 13823 | D:11     | Found a portal to a secret trove of treasure.
 13862 | Trove    | Entered a treasure trove
 13879 | Trove    | Identified the +2 pair of gloves of Creativity {rF+}
 13890 | Trove    | Identified the +0 pair of boots "Diedaky" {Dex+5 Stlth+}
 13892 | Trove    | Identified the +2 ring mail "Belahan" {Will+}
 13893 | Trove    | Identified the +2 ring mail of Moigg {Str+3 Dex+2 Stlth+}
 13895 | Trove    | Identified the +2 pair of gloves "Ufysay" {Dex+3}
 13913 | Trove    | Identified the +1 helmet of Kerazo {+Blink Regen+ Str-2
                  | Stlth+}
 13957 | D:11     | Found Faab Bunk's Antique Armour Shoppe.
 13975 | D:11     | Noticed a cyan ugly thing
 13984 | D:11     | Killed a cyan ugly thing
 13990 | D:11     | Reached skill level 16 in Spellcasting
 14177 | D:11     | Reached XP level 12. HP: 66/66 MP: 24/34
 14433 | D:11     | Found a staircase to the Lair.
 14461 | D:11     | Found Uptael's Mayhem Merchandise.
 14503 | D:11     | Bought a book of Fire for 448 gold pieces
 14505 | D:11     | Learned a level 1 spell: Foxfire
 14512 | D:11     | Learned a level 6 spell: Starburst
 14539 | D:11     | Found a shimmering altar of Xom.
 15153 | D:12     | Reached skill level 1 in Fire Magic
 15673 | D:12     | Noticed a two-headed ogre
 15682 | D:12     | Killed a two-headed ogre
 15811 | D:13     | Noticed a tengu warrior
 15812 | D:13     | Noticed a tengu warrior
 15841 | D:13     | Noticed Sonja
 15847 | D:13     | Killed Sonja
 15848 | D:13     | Reached skill level 17 in Spellcasting
 15937 | D:13     | Identified a scroll of acquirement
 16012 | D:13     | Noticed Josephine
 16030 | D:13     | Killed Josephine
 16048 | D:13     | Found a gate leading to a gauntlet.
 16052 | Gauntlet | Entered a Gauntlet
 16052 | Gauntlet | Found a transporter.
 16056 | Gauntlet | Found a transporter.
 16057 | Gauntlet | Found a transporter.
 16072 | Gauntlet | Found a transporter.
 16074 | Gauntlet | Found a transporter.
 16089 | Gauntlet | Found a transporter.
 16100 | Gauntlet | Found a transporter.
 16103 | Gauntlet | Noticed a ghost crab
 16110 | Gauntlet | Found a transporter.
 16120 | Gauntlet | Found a transporter.
 16134 | Gauntlet | Found a transporter.
 16143 | Gauntlet | Found a transporter.
 16146 | Gauntlet | Found a transporter.
 16288 | Gauntlet | Found a transporter.
 16291 | Gauntlet | Reached skill level 5 in Shields
 16425 | Gauntlet | HP: 3/66 [poisoned by a redback]
 16428 | Gauntlet | HP: 1/66 [poisoned by a redback]
 16499 | Gauntlet | Identified the -1 pair of gloves "Qulusan" {rC+}
 16593 | Gauntlet | Noticed a minotaur
 16603 | Gauntlet | Killed a minotaur
 16791 | D:13     | Acquired a book of the Spheres
 16801 | D:13     | Learned a level 5 spell: Fireball
 16807 | D:13     | Learned a level 5 spell: Iskenderun's Battlesphere
 16815 | D:13     | Learned a level 7 spell: Orb of Destruction
 17247 | D:13     | Reached skill level 18 in Spellcasting
 17247 | D:13     | Reached skill level 1 in Necromancy
 17337 | D:13     | Reached XP level 13. HP: 55/70 MP: 11/37
 17781 | D:13     | Reached skill level 5 in Fire Magic
 18381 | D:13     | Reached skill level 5 in Armour
 18609 | D:13     | Noticed Lodul
 18939 | D:13     | Killed Lodul
 19677 | D:14     | Reached skill level 19 in Spellcasting
 21214 | D:14     | Found a gate to the Vaults.
 21331 | D:15     | Entered Level 15 of the Dungeon
 21593 | D:15     | Reached XP level 14. HP: 71/76 MP: 17/39
 21618 | D:15     | Offered knowledge of Scorch by Vehumet.
 21790 | D:15     | Reached skill level 20 in Spellcasting
 22438 | D:15     | Found a staircase to the Depths.
 22438 | D:15     | Noticed a stone giant
 22443 | D:15     | Killed a stone giant
 22443 | D:15     | Reached *** piety under Vehumet
 22750 | Lair:1   | Entered Level 1 of the Lair of Beasts
 23434 | Lair:1   | Learned a level 5 spell: Freezing Cloud
 23999 | Lair:2   | Offered knowledge of Fulminant Prism by Vehumet.
 24187 | Lair:2   | Reached skill level 5 in Fighting
 24720 | Lair:3   | Reached **** piety under Vehumet
 24902 | Lair:3   | Found a staircase to the Shoals.
 25292 | Lair:3   | Found a staircase to the Snake Pit.
 25893 | Lair:4   | Reached skill level 21 in Spellcasting
 26196 | Lair:4   | Offered knowledge of Frozen Ramparts by Vehumet.
 26833 | Lair:4   | Mangled by a death yak

Illustrated notes

Levels and vault maps discovered:
D:1:      dpeg_arrival_renting, layout_rooms, ebering_ecumenical_altar_box,
          nicolae_hexahallways, serial_bayou_pond_d
D:2:      layout_basic, minmay_statues_item, minmay_quantized
D:3:      gammafunk_wand_slinger, layout_basic,
          mainiacjoe_overflow_divided_tiny, uniq_sigmund
D:4:      layout_loops_ring, minivault_19, minmay_liquid_box
D:5:      layout_cave_pools, mainiacjoe_overflow_catwalk,
          hangedman_decor_riveting, uniq_duvessa
D:6:      minmay_angry_zag, layout_loops_ring, nicolae_ru_sacrificial_ziggurat,
          minmay_hollow_rounded_squares
D:7:      layout_basic, minmay_temple_entry_waves, hangedman_misty_isle
D:8:      minmay_general_purpose_star, layout_cave_pods,
          mainiacjoe_overflow_catwalk_spiral,
          mainiacjoe_overflow_small_starburst
D:9:      layout_irregular_city, hangedman_incinerator
D:10:     layout_layer_cave, orc_0_dummy
D:11:     layout_roguey, due_lair_maze_entry_diamond,
          nicolae_trove_entry_path_of_doom, serial_shops,
          nicolae_shop_tiny_real_fake_doors, minmay_shop_mayhem, led_xom_imps
D:12:     layout_gridville
D:13:     layout_loops_ring, serial_undead, serial_undead_e, serial_undead_a,
          serial_undead_c, serial_undead_d, serial_undead_d,
          gauntlet_entry_generic, hangedman_abyss_or_decor_clamps, uniq_lodul,
          uniq_josephine, uniq_sonja
D:14:     layout_cross, david_vaults_5, nrook_uturn, eino_jars
D:15:     grunt_enter_depths_snipers, layout_loops_cross, nrook_mini_backslash,
          hive_lemuel
Temple:   bh_familiar_temple
Lair:1:   dragon1_lemuel, layout_small_grid, grunt_megastairs_4,
          serial_bayou_shore_a
Lair:2:   layout_big_grid, fungi_pond_lemuel
Lair:3:   layout_regular_city, minmay_shoals_entry_centaurs,
          guppyfry_snake_entry_garden, pdpol_lair_neglected_garden
Lair:4:   slaughterhouse, layout_gridlike, ebering_ghost_rock_garden,
          minivault_11

Skill      XL: |  1  2  3  4  5  6  7  8  9 10 11 12 13 14 |
---------------+-------------------------------------------+-----
Spellcasting   | 5 6 8 10 12 14 16 18 19 21 | 21.3
Fighting       | 1 2 4 5 |  5.8
Armour         | 1 2 4 6 |  6.0
Conjurations   | 2 4 5 6 7 8 9 10 11 12 13 | 13.7
Stealth        | 3 |  3.0
Dodging        | 3 |  3.0
Evocations     | 1 |  1.2
Ice Magic      | 1 |  1.1
Alchemy        | 1 |  1.1
Air Magic      | 1 |  1.0
Earth Magic    | 2 4 5 7 8 9 |  9.0
Shields        | 3 5 |  5.0
Fire Magic     | 4 7 8 |  8.8
Necromancy     | 1 |  1.0
Summonings     | |  1.1
Translocations | |  1.1

Action                     |  1- 3 |  4- 6 |  7- 9 | 10-12 | 13-15 || total
---------------------------+-------+-------+-------+-------+-------++-------
  Melee: Dagger            |    24 |    54 |    22 |       |       ||   100
         Punch             |     1 |     1 |       |     1 |       ||     3
         Short sword       |       |       |       |    51 |    19 ||    70
         Staff             |       |       |       |       |     4 ||     4
   Cast: Magic Dart        |   103 |   103 |    84 |    30 |     5 ||   325
         Mephitic Cloud    |       |     6 |     9 |    21 |    10 ||    46
         Call Imp          |       |     3 |     3 |       |       ||     6
         Stone Arrow       |       |       |   109 |   266 |    41 ||   416
         Blink             |       |       |       |     1 |     2 ||     3
         Foxfire           |       |       |       |    11 |       ||    11
         Fireball          |       |       |       |     3 |   248 ||   251
         Starburst         |       |       |       |       |    16 ||    16
         Freezing Cloud    |       |       |       |       |     2 ||     2
         Orb of Destructio |       |       |       |       |     1 ||     1
  Evoke: Wand              |       |       |     1 |     5 |       ||     6
    Use: Potion            |     2 |       |       |       |       ||     2
         Scroll            |       |       |       |    16 |     4 ||    20
   Stab: Confused          |       |     2 |     2 |     4 |     2 ||    10
         Sleeping          |       |       |     1 |       |       ||     1
 Armour: Robe              |    24 |    30 |    15 |       |       ||    69
         Leather armour    |       |       |    22 |   108 |     7 ||   137
         Acid dragon scale |       |       |       |       |    52 ||    52
  Dodge: Dodged            |    27 |    36 |    40 |    71 |    33 ||   207

Table legend: (Time is in decaauts)
 A = Elapsed time spent in this place.
 B = Non-inter-level travel time spent in this place.
 C = Inter-level travel time spent in this place.
 D = Time resting spent in this place.
 E = Time spent auto-exploring this place.
 F = Levels seen in this place.
 G = Mean time per level.
                   A        B        C        D        E       F      G
               +--------+--------+--------+--------+--------+-----+--------+
         Total |  26837 |  25567 |   1270 |   2375 |  19697 |  22 | 1219.9 |
       Dungeon |  21876 |  20751 |   1125 |   1763 |  16247 |  15 | 1458.4 |
        Temple |    113 |     58 |     55 |      0 |      0 |   1 |  113.0 |
          Lair |   4083 |   3995 |     88 |    218 |   3444 |   4 | 1020.8 |
         Trove |     71 |     71 |      0 |      0 |      0 |   1 |   71.0 |
      Gauntlet |    693 |    693 |      0 |    394 |      6 |   1 |  693.0 |
               +--------+--------+--------+--------+--------+-----+--------+

Top non-repeatable levels by time:
    D:13: 2601 daAuts
     D:6: 1820 daAuts
     D:9: 1726 daAuts
    D:14: 1608 daAuts
    D:10: 1583 daAuts
    D:12: 1514 daAuts
  Lair:3: 1399 daAuts
    D:15: 1350 daAuts
     D:7: 1329 daAuts
     D:4: 1270 daAuts
     D:8: 1255 daAuts
  Lair:1: 1243 daAuts
    D:11: 1237 daAuts
     D:1: 1203 daAuts
     D:3: 1180 daAuts
